 Dungeon Crawl Stone Soup version 0.29.0-15-g675c0067aa (webtiles) character file.

Game seed: 10032005860329103745

5444 xian the Skirmisher (level 10, -10/90 HPs)
             Began as a Ghoul Hunter on Sept 12, 2022.
             Was a Priest of Fedhas.
             Mangled by a catoblepas (14 damage)
             ... while petrified by a catoblepas
             ... on level 7 of the Dungeon.
             The game lasted 00:19:24 (6467 turns).

xian the Skirmisher (Ghoul Hunter)                  Turns: 6467, Time: 00:19:24

Health: -10/90     AC: 10    Str: 24    XL:     10   Next: 68%
Magic:  9/9        EV:  2    Int:  4    God:    Fedhas [***...]
Gold:   1098       SH:  0    Dex: 15    Spells: 9/9 levels left

rFire   x . .      SeeInvis .   m - +11 sling of Bomaneeb {speed, Str+4}
rCold   + + .      Faith    .   (no shield)
rNeg    + + +      Spirit   .   C - +3 troll leather armour "Cyeruw" {Regen+ Dex+3 Slay+3}
rPois   ∞          Reflect  .   (no helmet)
rElec   .          Harm     .   (no cloak)
rCorr   .          Rampage  .   h - +0 pair of gloves
Will    .....                   A - +0 pair of boots
Stlth   ++........              (no amulet)
HPRegen 0.00/turn               z - ring of ice
MPRegen 0.11/turn               g - +4 ring of evasion

@: petrified, inhibited regen, hasted
A: claws 1, cold resistance 1, negative energy resistance 3, inhibited
regeneration, torment resistance 2, devour on kill
a: Renounce Religion, Wall of Briars, Grow Ballistomycete


You were on level 7 of the Dungeon.
You worshipped Fedhas.
Fedhas was most pleased with you.
You visited 1 branch of the dungeon, and saw 8 of its levels.
You also visited: Sewer and Ossuary.

You collected 1194 gold pieces.
You spent 96 gold pieces at shops.

Inventory:

Hand Weapons
 i - a +2 vampiric falchion
 m - the +11 sling of Bomaneeb (weapon) {speed, Str+4}
   (You found it on level 2 of the Dungeon)

   Attacks with this weapon are significantly faster.
   Str:       It affects your strength (+4).
Missiles
 a - 5 curare-tipped darts
Armour
 h - a +0 pair of gloves (worn)
 A - a +0 pair of boots (worn)
 C - the +3 troll leather armour "Cyeruw" (worn) {Regen+ Dex+3 Slay+3}
   (You found it on level 5 of the Dungeon)

   Dex:       It affects your dexterity (+3).
   Slay:      It affects your accuracy & damage with ranged weapons and melee
   (+3).
   Regen:     It increases your rate of health regeneration.
Jewellery
 g - a +4 ring of evasion (right hand)
 z - a ring of ice (left hand)
Wands
 c - a wand of flame (39)
 o - a wand of iceblast (16)
 B - a wand of polymorph (5)
 E - a wand of mindburst (10)
Scrolls
 b - 3 scrolls of immolation
 d - a scroll of brand weapon
 e - 4 scrolls of teleportation {unknown}
 f - a scroll of identify
 j - 4 scrolls of silence {unknown}
 k - 3 scrolls of vulnerability
 l - a scroll of amnesia
 q - 3 scrolls of fear {unknown}
 t - 3 scrolls of summoning {unknown}
 y - a scroll of butterflies
 F - a scroll of noise {unknown}
 G - a scroll of enchant armour {unknown}
 H - a scroll of enchant weapon {unknown}
Potions
 p - 2 potions of curing
 r - 2 potions of lignification {unknown}
 s - 2 potions of attraction {unknown}
 u - 4 potions of mutation {unknown}
 v - a potion of magic {unknown}
 w - a potion of cancellation {unknown}
 x - 2 potions of heal wounds {unknown}
 D - a potion of flight


   Skills:
 + Level 8.6 Fighting
 + Level 11.9 Ranged Weapons
 + Level 3.8 Armour
 + Level 2.8 Dodging
 + Level 3.0 Stealth
 + Level 0.1 Invocations


You had 9 spell levels left.
You didn't know any spells.
Your spell library contained the following spells:

 Spells                   Type           Power      Damage    Failure   Level
 Gell's Gravitas          Tloc           0%         N/A       88%         3
 Portal Projectile        Hex/Tloc       0%         N/A       88%         3
 Teleport Other           Tloc           0%         N/A       88%         3
 Tukima's Dance           Hex            0%         N/A       88%         3
 Dispersal                Tloc           0%         N/A       100%        6
 Blade Hands              Tmut           Unusable   N/A       N/A         5

Dungeon Overview and Level Annotations

Branches:
Dungeon (8/15)             Temple (0/1) D:6           Sewer (visited)
Ossuary (visited)
   Lair: D:8-11

Altars:
Fedhas
Gozag
Makhleb
Qazlal
Ru
Uskayaw

Shops:
D:1 (:[*(   D:3 (


Innate Abilities, Weirdness & Mutations

You are immune to poison.
You have sharp fingernails.
Your flesh is cold resistant. (rC+)
You are immune to negative energy. (rN+++)
You do not regenerate when monsters are visible.
You are immune to unholy pain and torment.
You thrive by killing the living.


Message History

You shoot a sling bullet.
The sling bullet barely misses the catoblepas.
The catoblepas gores you!!
You are too injured to fight recklessly!
You are too injured to fight recklessly!
You are too injured to fight recklessly!
You are too injured to fight recklessly!
The catoblepas breathes a plume of calcifying dust at you.
The blast of calcifying dust hits you.
You climb upwards.
There is a stone staircase leading down here.
You feel yourself speed up.
The catoblepas breathes a plume of calcifying dust at you.
The blast of calcifying dust hits you!
* * * LOW HITPOINT WARNING * * *
Okay, then.
Okay, then.
You are engulfed in calcifying dust.
You are slowing down.
You feel better.
You are engulfed in calcifying dust.
The catoblepas breathes a plume of calcifying dust at you.
The blast of calcifying dust hits you.
Your limbs are stiffening.
Aiming: Polymorph
Press: ? - help, Shift-Dir - straight line, f - catoblepas
Aim: a catoblepas (calcifying dust, lightly wounded, will become a swamp worm, a steelbarb worm, or a snapping turtle, chance to affect: 1%)
The catoblepas resists with almost no effort.
You are engulfed in calcifying dust.
Your limbs have turned to stone.
The catoblepas gores you!!
* * * LOW HITPOINT WARNING * * *
You have turned to stone.
You are engulfed in calcifying dust.
The catoblepas gores you.
* * * LOW HITPOINT WARNING * * *
The catoblepas gores you!!
* * * LOW HITPOINT WARNING * * *
The catoblepas gores you!
* * * LOW HITPOINT WARNING * * *
The catoblepas gores you. The catoblepas gores you!!
You die...
Fedhas appreciates your contribution to the ecosystem.

......#.#..)..#.# ####.......#.#
#####.#.#..)..#.####.<...........
#.#.#.....#.................#
#.#.#.....######....#...###.#
#.#.#.....# #..#.+.......#
#.#.#.....# #..#.#........
#####.#.####### #..#.#...###.#
#.....#.############..#..........
#.#####.#.§.....@Y.........####.#
#.# #.#.##########..####.###..#
#.# #.#.###### #..#.......... #.#
#........# #..#.##.###..# #.#
###.####.# #..#.##.# #... #.# #.#
#.# #..#.##.# #### #.# #.# #.#
####.##.# #.. #.#######.# #.#
#.##.# ### #.........# #.# #.##.#
#


You could see a catoblepas.

Vanquished Creatures
  A two-headed ogre (D:7)
  3 hornets (D:8)
  6 yaks
  A steam dragon (D:6)
  2 water moccasins
  A black bear (D:5)
  2 ice beasts (D:7)
  An orc warrior (D:8)
  2 ogres
  A centaur (D:8)
  6 phantoms
  A necrophage (D:8)
  6 bullfrogs
  2 scorpions
  3 wights
  4 killer bees (D:5)
  3 electric eels (D:6)
  5 hounds
  5 orc priests
  2 centaur zombies (Ossuary)
  A jelly (D:6)
  A gnoll bouda (D:7)
  5 iguanas
  4 orc wizards
  5 mummies (Ossuary)
  8 gnolls
  9 adders
  A white imp (D:8)
  2 worms
  11 dart slugs
  24 orcs
  4 endoplasms
  5 giant cockroaches
  5 goblins
  7 jackals
  6 quokkas
  6 ball pythons
  11 bats
  5 frilled lizards
  4 hobgoblin zombies (Ossuary)
  6 kobolds
  7 rats
194 creatures vanquished.

Notes
Turn   | Place    | Note
-------+----------+-------------------------------------------
     0 | D:1      | xian the Ghoul Hunter began the quest for the Orb.
     0 | D:1      | Reached XP level 1. HP: 17/17 MP: 0/0
    20 | D:1      | Found Weneor's Book Boutique.
   331 | D:1      | Found Gyizido's Weapon Shoppe.
   372 | D:1      | Reached XP level 2. HP: 25/25 MP: 1/1
   568 | D:1      | Reached skill level 4 in Ranged Weapons
   586 | D:1      | Found Xefe's Antique Weapon Shop.
   670 | D:1      | Found Xiv Mim's Armour Shop.
   789 | D:1      | Found Bonatout's General Store.
   917 | D:1      | You fall into a shaft and drop 1 floor!
  1031 | D:2      | Reached XP level 3. HP: 30/30 MP: 2/2
  1087 | D:2      | Identified the +11 sling of Bomaneeb {speed, Str+4}
  1231 | D:2      | Reached XP level 4. HP: 37/37 MP: 3/3
  1526 | D:3      | Reached skill level 5 in Ranged Weapons
  1555 | D:3      | Reached XP level 5. HP: 45/45 MP: 4/4
  1691 | D:3      | Found Azei's Weapon Emporium.
  1738 | D:3      | Found a glowing drain.
  1792 | Sewer    | Entered a sewer
  1832 | Sewer    | Noticed a water moccasin
  1848 | Sewer    | Killed a water moccasin
  1849 | Sewer    | Reached skill level 1 in Armour
  1849 | Sewer    | Reached XP level 6. HP: 40/51 MP: 5/5
  2033 | D:3      | Reached skill level 6 in Ranged Weapons
  2113 | D:3      | Found a blossoming altar of Fedhas.
  2122 | D:3      | Became a worshipper of Fedhas Madash
  2475 | D:4      | Reached XP level 7. HP: 58/58 MP: 6/6
  2617 | D:4      | Found an opulent altar of Gozag.
  2630 | D:4      | Found a burning altar of Makhleb.
  2664 | D:4      | Reached skill level 7 in Ranged Weapons
  2665 | D:4      | Found a sand-covered staircase.
  2677 | Ossuary  | Entered an ossuary
  3068 | D:5      | Entered Level 5 of the Dungeon
  3071 | D:5      | Reached * piety under Fedhas
  3134 | D:5      | Reached XP level 8. HP: 61/67 MP: 7/7
  3344 | D:5      | Reached skill level 5 in Fighting
  3382 | D:5      | Reached skill level 8 in Ranged Weapons
  3414 | D:5      | Identified the +3 troll leather armour "Cyeruw" {Regen+
                  | Dex+3 Slay+3}
  3679 | D:5      | Identified a scroll of acquirement
  3680 | D:5      | Acquired 761 gold pieces
  4152 | D:1      | Bought a potion of curing for 36 gold pieces
  4152 | D:1      | Bought a scroll of identify for 24 gold pieces
  4152 | D:1      | Bought a potion of flight for 36 gold pieces
  4364 | D:6      | Reached ** piety under Fedhas
  4416 | D:6      | Found a staircase to the Ecumenical Temple.
  4430 | D:6      | Identified the +2 leather armour "Paon" {rC+}
  4604 | D:6      | Reached XP level 9. HP: 75/75 MP: 8/8
  4608 | D:6      | Reached skill level 9 in Ranged Weapons
  4842 | D:6      | Reached skill level 10 in Ranged Weapons
  5039 | D:6      | Found a hide-covered altar of Uskayaw.
  5167 | D:6      | Found a stormy altar of Qazlal.
  5169 | D:6      | Found a sacrificial altar of Ru.
  5394 | D:7      | Reached XP level 10. HP: 86/86 MP: 9/9
  5394 | D:7      | Noticed a two-headed ogre
  5400 | D:7      | Killed a two-headed ogre
  5401 | D:7      | Reached skill level 11 in Ranged Weapons
  5402 | D:7      | Reached *** piety under Fedhas
  6453 | D:8      | Noticed a catoblepas
  6465 | D:7      | HP: 4/90 [catoblepas (6)]
  6467 | D:7      | Mangled by a catoblepas

Illustrated notes

Levels and vault maps discovered:
D:1:      psy_arrival_fountain, layout_loops_ring, serial_shops,
          nicolae_shop_crystal, nicolae_shop_temple_entry_statues_fountains,
          shop_fountains, nicolae_lakefront_shop, shop, minivault_27
D:2:      layout_rooms, hangedman_decor_opposing, serial_bayou_pond_d
D:3:      layout_basic, fedhas_altar_fruit_tree, portal_sewer_entry_b,
          serial_shops, shop, minmay_misc_feat_more_columns
D:4:      layout_cave_pools, mainiacjoe_overflow_alcove_1, bloody_makhleb,
          nicolae_ossuary_entry_ruins
D:5:      layout_loops_corners, minmay_checkerbox
D:6:      kennysheep_slugbush, layout_layer_cave, kennysheep_mini,
          chequers_temple_overflow_statue_of_worship,
          minmay_temple_entry_overgrown, nicolae_concentric_dashed_squares_mild
D:7:      layout_basic
D:8:      cheibrodos_ideogram_h, layout_loops_ring, minmay_holes,
          minmay_tree_intersection, corner_web_ring

Skill      XL: |  1  2  3  4  5  6  7  8  9 10 |
---------------+-------------------------------+-----
Ranged Weapons | 4 5 6 7 8 10 11 | 11.9
Fighting       | 3 4 6 7 8 |  8.6
Dodging        | 2 |  2.8
Armour         | 1 2 3 |  3.8
Stealth        | 2 3 |  3.0
Invocations    | |  0.1

Action                   |  1- 3 |  4- 6 |  7- 9 | 10-12 || total
-------------------------+-------+-------+-------+-------++-------
 Fire: Shortbow          |    70 |       |       |       ||    70
       Sling             |    16 |    96 |   233 |    96 ||   441
Invok: Wall of Briars    |       |       |     1 |       ||     1
Evoke: Wand              |       |       |       |     1 ||     1
  Use: Scroll            |     3 |     3 |     5 |       ||    11
       Potion            |       |       |     1 |     2 ||     3
Armor: Leather armour    |     6 |     9 |       |       ||    15
       Plate armour      |       |       |    17 |       ||    17
       Troll leather arm |       |       |     5 |     6 ||    11
Dodge: Dodged            |    23 |    30 |    20 |    18 ||    91
